 Dungeon Crawl Stone Soup version 0.32-a0-705-g60f2335 (webtiles) character file.

Game seed: 13291619913734015843

3022 TheGoonsmith the Apothecary (level 10, -9/73 HPs)
             Began as a Djinni Fire Elementalist on Dec 1, 2023.
             Was a Priest of Makhleb.
             Mangled by a two-headed ogre
             ... wielding a +0 giant club
              (21 damage)
             ... on level 8 of the Dungeon on Mar 14, 2024.
             The game lasted 00:26:19 (6581 turns).

TheGoonsmith the Apothecary (DjFE)                  Turns: 6581, Time: 00:26:20

Health: -9/73      AC:  5    Str:  7    XL:     10   Next: 10%
Gold:   472        EV:  6    Int: 28    God:    Makhleb [***...] SH:  0 Dex: 13

rFire   + + .        (no weapon)
rCold   x . .        u - +1 buckler
rNeg    . . .        a - +0 robe
rPois   ∞            p - +2 hat
rElec   .            l - +0 cloak
rCorr   .            (no gloves)
SInv    .            (boots unavailable)
Will    +....        f - amulet of reflection
Stlth   ++           k - +6 ring of intelligence
HPRegen 0.32/turn    n - ring of wizardry
MPRegen 0.00/turn

%: reflection, wizardry (x1), infuse magic (-10 HP)
@: flying, held, studying Conjurations
A: sickness immunity, fire resistance 2, cold vulnerability 1, float, innate
caster, HP casting, extra vitality 1
a: Renounce Religion, Minor Destruction, Lesser Servant of Makhleb


You were on level 8 of the Dungeon.
You worshipped Makhleb.
Makhleb was most pleased with you.
You visited 2 branches of the dungeon, and saw 9 of its levels.

You collected 472 gold pieces.

Inventory:

Missiles
 j - 2 throwing nets
Armour
 a - a +0 robe (worn)
 l - a +0 cloak (worn)
 p - a +2 hat (worn)
 u - a +1 buckler (worn)
 y - a +0 helmet
Magical Staves
 g - the staff of Drought {*Slow rElec rPois Ice Air Earth}
   (You acquired it on level 5 of the Dungeon)

   [staff of air]

   Base accuracy: +5 Base damage: 5 Base attack delay: 1.2 This weapon's minimum
   attack delay (0.6) is reached at skill level 12.
   rElec:     It insulates you from electricity.
   rPois:     It protects you from poison.
   *Slow:     It may slow you when you take damage.
   Ice:       It increases the power of your Ice spells.
   Air:       It increases the power of your Air spells.
   Earth:     It increases the power of your Earth spells.
   It falls into the 'Staves' category.
   It is a one-handed weapon.
Jewellery
 f - an amulet of reflection (around neck)
 k - a +6 ring of intelligence (left hand)
 n - a ring of wizardry (right hand)
 A - a ring of fire
 D - a +6 ring of intelligence
Wands
 h - a wand of digging (3)
 m - a wand of mindburst (18)
 w - a wand of flame (27)
 B - a wand of polymorph (4)
Scrolls
 i - a scroll of poison
 o - 2 scrolls of fear
 q - a scroll of blinking
 s - a scroll of teleportation
 C - a scroll of butterflies
 E - 2 scrolls of enchant weapon
Potions
 b - a potion of brilliance
 c - a potion of might
 d - a potion of invisibility
 e - a potion of curing
 r - 3 potions of enlightenment
 t - a potion of cancellation {unknown}
 v - a potion of lignification {unknown}
 x - a potion of heal wounds {unknown}
 z - 2 potions of mutation {unknown}


   Skills:
 + Level 6.5 Fighting
 - Level 7.0 Dodging
 - Level 1.5 Stealth
 - Level 6.0 Shields
 + Level 6.7 Spellcasting
 + Level 7.4 Conjurations
 + Level 6.7 Hexes
 + Level 6.7 Summonings
 + Level 6.7 Necromancy
 + Level 6.7 Translocations
 + Level 6.7 Fire Magic
 + Level 6.7 Ice Magic
 + Level 6.7 Air Magic
 + Level 6.7 Earth Magic
 + Level 7.5 Alchemy


You knew the following spells:

 Your Spells              Type           Power      Damage    Failure   Level
a - Foxfire               Conj/Fire      100%       2x1d9     1%          1
b - Scorch                Fire           94%        2d8       1%          2
c - Volatile Blastmotes   Fire/Tloc      94%        2d17      1%          3
d - Inner Flame           Hex/Fire       47%        N/A       1%          3
e - Frozen Ramparts       Ice            94%        1d15      1%          3
f - Necrotise             Necr           100%       1d9       1%          1
g - Searing Ray           Conj           100%       2d8       1%          2
s - Sticky Flame          Fire/Alch      49%        2d9       1%          4
z - Flame Wave            Conj/Fire      49%        2d12      1%          4
Your spell library was empty.

Dungeon Overview and Level Annotations

Branches:
Dungeon (8/15)             Temple (1/1) D:4
   Lair: D:8-11

Altars:
Cheibriados
Dithmenos
Elyvilon
Fedhas
Gozag
Hepliaklqana
Makhleb
Nemelex Xobeh
Okawaru
Qazlal
Trog
Uskayaw
Wu Jian
Xom
Yredelemnul

Shops:
D:2 [   D:5 ((   D:8 ?

Annotations:
D:4 2 transporters, Tanach's ghost, amateur GrEE
D:6 3 runed translucent doors, takemehigh's ghost, novice KoIE


Innate Abilities, Weirdness & Mutations

You are immune to sickness and miasma.
You are immune to poison.
Your flesh is very heat resistant. (rF++)
You are vulnerable to cold. (rC-)
You float through the air rather than walking.
You learn spells naturally, not from books.
Your magical power is your life essence.
You have superior vitality. (+4 MHP)


Message History

Confirm with . or Enter, or press ? or * to list all spells.
Casting: Flame Wave (dangerous; 1% risk of failure)
Press: ? - help, Dir - look around, f - activate A wave of flame ripples out!
The flame wave engulfs the gnoll!
You kill the gnoll!
Makhleb accepts your kill.
You feel better.
The flame wave engulfs the two-headed ogre!
The two-headed ogre is heavily wounded. (Press . to intensify the flame waves.)
The gnoll throws a throwing net.
The throwing net hits you.
You become entangled in the net!
The gnoll hits you from afar with a +0 spear.
The two-headed ogre hits you with a +0 giant club!! x2
* * * LOW HITPOINT WARNING * * *
A wave of flame ripples out!
The flame wave engulfs the two-headed ogre!
The two-headed ogre is severely wounded.
The flame wave engulfs the gnoll.
You kill the gnoll!
Makhleb accepts your kill.
You feel better.
The flame wave engulfs the kobold!
You kill the kobold!
Makhleb accepts your kill.
You feel better.
The flame wave engulfs the gnoll!!
You kill the gnoll!
Makhleb accepts your kill.
You feel better.
* * * LOW HITPOINT WARNING * * *
An orc wizard comes into view. It is wielding a +0 dagger.
A wave of flame ripples out!
The flame wave engulfs the two-headed ogre!
The two-headed ogre is almost dead.
The flame wave engulfs the gnoll sergeant!
The gnoll sergeant is heavily wounded.
* * * LOW HITPOINT WARNING * * *
You finish channelling waves of flame.
The orc wizard shouts!
You hear a loud, deep croak!
The two-headed ogre hits you with a +0 giant club!!
You die...

./.....).#
.........######
..............
............#
#..........#
#...ß))..).#
#...g.)....#.#
#....)@O).ß..o
#......)...#..
#....[..∩.....
#.............
#.....ß...>..#
#............#
####.###....ß#
#. ######


You could see a two-headed ogre, a gnoll sergeant and an orc wizard.

Vanquished Creatures
  A wraith (D:5)
  Sigmund (D:5)
  2 water moccasins (D:7)
  A black bear (D:7)
  An orc warrior (D:7)
  2 ice beasts
  An ogre (D:2)
  A phantom (D:5)
  3 kobold brigands
  4 scorpions
  7 wights (D:6)
  A howler monkey (D:5)
  5 bombardier beetles
  9 hounds
  A jelly (D:6)
  3 gnoll boudas
  Crazy Yiuf (D:5)
  A sleepcap (D:5)
  Ijyb (D:3)
  5 orc wizards
  27 gnolls
  4 adders
  2 shadow imps (D:6)
  2 ufetubi (D:7)
  2 dart slugs
  2 ribbon worms
  17 orcs
  4 endoplasms (D:4)
  2 giant cockroaches
  2 goblins
  9 hobgoblins
  2 quokkas (D:1)
  3 ball pythons
  8 bats
  3 frilled lizards
  44 kobolds
  7 rats
191 creatures vanquished.

Vanquished Creatures (collateral kills)
  A foxfire (D:3)
1 creature vanquished.

Vanquished Creatures (others)
  409 foxfires
409 creatures vanquished.

Grand Total: 601 creatures vanquished

Notes
Turn   | Place    | Note
-------+----------+-------------------------------------------
     0 | D:1      | TheGoonsmith the Djinni Fire Elementalist began the quest
                  | for the Orb.
     0 | D:1      | TheGoonsmith set off with the following spells memorised:
                  | Foxfire, Scorch, Volatile Blastmotes, Inner Flame, Flame
                  | Wave.
     0 | D:1      | Reached XP level 1. HP: 15/15 MP: 0/0
    23 | D:1      | Upgraded the game from 0.31-a0-1101-g9ad1905 to
                  | 0.32-a0-576-g706899e
    70 | D:1      | Reached XP level 2. HP: 20/21 MP: 0/0
   711 | D:2      | Reached XP level 3. HP: 24/25 MP: 0/0
   711 | D:2      | Learned a level 1 spell: Necrotise
   776 | D:2      | Found a faded altar of an unknown god.
   876 | D:2      | Reached skill level 5 in Alchemy
  1153 | D:2      | Found Heoni's Antique Armour Emporium.
  1277 | D:2      | Noticed an ogre
  1281 | D:2      | Killed an ogre
  1282 | D:2      | Reached XP level 4. HP: 26/31 MP: 0/0
  1282 | D:2      | Reached XP level 5. HP: 29/35 MP: 0/0
  1282 | D:2      | Learned a level 2 spell: Searing Ray
  1399 | D:3      | Found an iron altar of Okawaru.
  1427 | D:3      | Noticed Ijyb
  1439 | D:3      | Killed Ijyb
  1810 | D:3      | Reached skill level 5 in Spellcasting
  1810 | D:3      | Reached skill level 5 in Conjurations
  1810 | D:3      | Reached skill level 5 in Hexes
  1810 | D:3      | Reached skill level 5 in Summonings
  1810 | D:3      | Reached skill level 5 in Necromancy
  1810 | D:3      | Reached skill level 5 in Translocations
  1810 | D:3      | Reached skill level 5 in Fire Magic
  1810 | D:3      | Reached skill level 5 in Ice Magic
  1810 | D:3      | Reached skill level 5 in Air Magic
  1810 | D:3      | Reached skill level 5 in Earth Magic
  1851 | D:3      | Reached XP level 6. HP: 38/40 MP: 0/0
  1894 | D:3      | Found a snail-covered altar of Cheibriados.
  2269 | D:4      | Found a staircase to the Ecumenical Temple.
  2291 | Temple   | Entered the Ecumenical Temple
  2309 | Temple   | Became a worshipper of Makhleb the Destroyer
  2434 | D:4      | Found a transporter.
  2533 | D:4      | Found a transporter.
  2535 | D:4      | Noticed Tanach's ghost (amateur GrEE)
  3156 | D:5      | Entered Level 5 of the Dungeon
  3156 | D:5      | Found Ritiamas's Antique Weapon Shoppe.
  3161 | D:5      | Reached skill level 1 in Fighting
  3161 | D:5      | Reached skill level 1 in Shields
  3161 | D:5      | Reached XP level 7. HP: 42/47 MP: 0/0
  3161 | D:5      | Learned a level 3 spell: Frozen Ramparts
  3414 | D:5      | Found Nulyehis's Weapon Shop.
  3441 | D:5      | Reached * piety under Makhleb
  3446 | D:5      | Noticed a wraith
  3455 | D:5      | Killed a wraith
  3456 | D:5      | Reached XP level 8. HP: 37/56 MP: 0/0
  3823 | D:5      | Noticed Sigmund
  3827 | D:5      | Killed Sigmund
  3828 | D:5      | Reached skill level 5 in Dodging
  3926 | D:5      | Identified 2 scrolls of acquirement
  3926 | D:5      | Acquired the staff of Drought {*Slow rElec rPois Ice Air
                  | Earth}
  3927 | D:5      | Acquired a manual of Conjurations
  3984 | D:5      | Reached XP level 9. HP: 62/63 MP: 0/0
  3984 | D:5      | Learned a level 4 spell: Sticky Flame
  4243 | D:5      | Found a runed translucent door.
  4244 | D:5      | Noticed Crazy Yiuf
  4350 | D:5      | Reached ** piety under Makhleb
  4720 | D:5      | Reached skill level 5 in Fighting
  4720 | D:5      | Reached skill level 5 in Shields
  4806 | D:5      | Killed Crazy Yiuf
  4940 | D:6      | Reached *** piety under Makhleb
  4969 | D:6      | HP: 3/65 [wight/+1 spear of venom (7)]
  5605 | D:6      | Found a runed translucent gate.
  5606 | D:6      | Found a runed translucent gate.
  5607 | D:6      | Found a runed translucent gate.
  5607 | D:6      | Noticed takemehigh's ghost (novice KoIE)
  5768 | D:7      | Upgraded the game from 0.32-a0-576-g706899e to
                  | 0.32-a0-614-gd166fa8
  5768 | D:7      | Upgraded the game from 0.32-a0-614-gd166fa8 to
                  | 0.32-a0-705-g60f2335
  6105 | D:7      | Reached XP level 10. HP: 68/72 MP: 0/0
  6575 | D:8      | Noticed a two-headed ogre
  6575 | D:8      | Found Qinasy's Magic Scroll Boutique.
  6581 | D:8      | Mangled by a two-headed ogre

Illustrated notes

Levels and vault maps discovered:
D:1:      lordsloth_arrival_two_stooges, layout_basic
D:2:      layout_loops_cross, serial_shops, shop,
          dreamdust_ecumenical_altar_statues
D:3:      layout_basic, slow_altar_1, mainiacjoe_overflow_concentric_impassable,
          nicolae_kikubaaqudgha_miasma_corner, serial_bayou,
          serial_bayou_lagoon_a, serial_bayou_crossing, serial_bayou_shore_b,
          serial_bayou_pond_d, uniq_ijyb
D:4:      layout_cave_pods, minmay_temple_entry_ruins,
          gammafunk_ghost_stat_death, minmay_misc_feat_enclosed,
          minmay_misc_feat_cross
D:5:      minmay_goblin_kobold_castle, layout_cave_pools, serial_shops,
          kennysheep_mini_moat, nicolae_stop_n_shop_1, minmay_checkerbox,
          uniq_crazy_yiuf_cottage, uniq_sigmund
D:6:      layout_rooms, gammafunk_ghost_nasty_kobolds, corexii_shack
D:7:      layout_loops_ring
D:8:      layout_basic, nicolae_vehumet_radiance,
          mainiacjoe_overflow_small_starburst, lemuel_doored_altar,
          serial_shops, nicolae_stop_n_shop_1, uniq_psyche
Temple:   jpeg_temple_clearing

Skill      XL: |  1  2  3  4  5  6  7  8  9 |
---------------+----------------------------+-----
Spellcasting   | 4 5 6 |  6.7
Conjurations   | 4 5 6 7 |  7.4
Hexes          | 4 5 6 |  6.7
Summonings     | 4 5 6 |  6.7
Necromancy     | 4 5 6 |  6.7
Translocations | 4 5 6 |  6.7
Transmutations | |  0.0
Fire Magic     | 4 5 6 |  6.7
Ice Magic      | 4 5 6 |  6.7
Air Magic      | 4 5 6 |  6.7
Earth Magic    | 4 5 6 |  6.7
Alchemy        | 4 5 6 7 |  7.5
Fighting       | 1 3 4 6 |  6.5
Shields        | 1 3 4 6 |  6.0
Dodging        | 5 7 |  7.0
Stealth        | |  1.5

Action                     |  1- 3 |  4- 6 |  7- 9 | 10-12 || total
---------------------------+-------+-------+-------+-------++-------
   Cast: Foxfire           |    39 |    40 |   153 |     3 ||   235
         Scorch            |     3 |     4 |    36 |     5 ||    48
         Flame Wave        |       |       |    13 |     2 ||    15
    Use: Scroll            |       |       |    16 |       ||    16
         Potion            |       |       |     1 |       ||     1
 Armour: Robe              |     6 |    11 |    48 |     5 ||    70
  Dodge: Dodged            |    11 |    10 |    36 |     4 ||    61
  Block: Buckler           |       |       |    12 |     3 ||    15
         Reflection        |       |       |       |     1 ||     1

Table legend: (Time is in decaauts)
 A = Elapsed time spent in this place.
 B = Non-inter-level travel time spent in this place.
 C = Inter-level travel time spent in this place.
 D = Time resting spent in this place.
 E = Time spent auto-exploring this place.
 F = Levels seen in this place.
 G = Mean time per level.
                   A        B        C        D        E       F      G
               +--------+--------+--------+--------+--------+-----+--------+
         Total |   6579 |   6331 |    248 |      0 |   5372 |   9 |  731.0 |
       Dungeon |   6544 |   6312 |    232 |      0 |   5372 |   8 |  818.0 |
        Temple |     34 |     18 |     16 |      0 |      0 |   1 |   34.0 |
               +--------+--------+--------+--------+--------+-----+--------+

Top non-repeatable levels by time:
     D:5: 1599 daAuts
     D:4: 1062 daAuts
     D:7: 857 daAuts
     D:6: 817 daAuts
     D:3: 811 daAuts
     D:1: 699 daAuts
     D:2: 691 daAuts
  Temple: 34 daAuts
     D:8: 5 daAuts
